 Dungeon Crawl Stone Soup version 0.28-a0-245-g639a1a48b9 (webtiles) character file.

Game seed: 10926989572776912221

2257 pokeman the Thaumaturge (level 9, -2/49 HPs)
             Began as a Deep Elf Hedge Wizard on Aug 24, 2021.
             Was an Initiate of Vehumet.
             Shot with a sling bullet by Joseph (18 damage)
             ... on level 7 of the Dungeon.
             The game lasted 00:23:37 (8391 turns).

pokeman the Thaumaturge (Deep Elf Hedge Wizard)     Turns: 8391, Time: 00:23:38

Health: -2/49      AC:  8    Str:  7    XL:     9   Next: 15%
Magic:  25/25      EV: 12    Int: 23    God:    Vehumet [......]
Gold:   340        SH:  0    Dex: 14    Spells: 18/29 levels left

rFire   . . .      SeeInvis .   y - +2 dagger (venom)
rCold   . . .      Faith    .   (no shield)
rNeg    . . .      Spirit   .   j - +0 leather armour
rPois   +          Reflect  .   A - +0 helmet
rElec   .          Harm     .   t - +2 cloak
rCorr   .          Rampage  .   w - +0 pair of gloves
Will    +....                   (no boots)
Stlth   +.........              o - amulet of magic regeneration
HPRegen 0.16/turn               G - ring of Democracy {rPois Will+}
MPRegen 0.44/turn               (no ring)

@: very slow
A: no striking features
a: Renounce Religion


You were on level 7 of the Dungeon.
You worshipped Vehumet.
Vehumet was noncommittal.
You visited 2 branches of the dungeon, and saw 8 of its levels.
You also visited: Ossuary.

You collected 340 gold pieces.

Inventory:

Hand Weapons
 s - a +2 quarterstaff of chaos
 y - a +2 dagger of venom (weapon)
 z - a +1 dagger of electrocution
 H - a +0 hand crossbow
Missiles
 g - 69 arrows
 I - 13 bolts
Armour
 f - a +0 kite shield
 j - a +0 leather armour (worn)
 t - a +2 cloak (worn)
 u - the +1 ring mail of the Great Game {rElec rCorr}
   (You took it off an orc on level 3 of the Dungeon)

   rElec:     It insulates you from electricity.
   rCorr:     It protects you from acid and corrosion.
 w - a +0 pair of gloves (worn)
 A - a +0 helmet (worn)
Jewellery
 o - an amulet of magic regeneration (around neck)
 E - a ring of ice
 F - an amulet of faith
 G - the ring of Democracy (left hand) {rPois Will+}
   (You took it off a kobold on level 6 of the Dungeon)

   [ring of poison resistance]

   rPois:     It protects you from poison.
   Will:      It increases your willpower.
Wands
 p - a wand of charming (3)
Scrolls
 a - a scroll of magic mapping
 b - 3 scrolls of amnesia {unknown}
 c - a scroll of noise {unknown}
 d - 11 scrolls of identify {unknown}
 e - 2 scrolls of immolation {unknown}
 i - a scroll of brand weapon {unknown}
 k - 2 scrolls of teleportation {unknown}
 m - 2 scrolls of fear {unknown}
 n - a scroll of fog {unknown}
 x - a scroll of vulnerability {unknown}
 C - a scroll of enchant armour {unknown}
Potions
 h - 2 potions of brilliance {unknown}
 l - 9 potions of curing {unknown}
 q - a potion of flight {unknown}
 r - 3 potions of ambrosia {unknown}
 v - 4 potions of lignification {unknown}
 B - a potion of heal wounds {unknown}
 D - 2 potions of degeneration {unknown}


   Skills:
 + Level 2.5 Fighting
 - Level 2.0 Armour
 - Level 3.1 Dodging
 - Level 3.1 Stealth
 - Level 2.0 Shields
 * Level 10.8 Spellcasting
 + Level 5.9 Conjurations
 - Level 1.1 Summonings
 - Level 1.1 Translocations
 + Level 4.8 Fire Magic
 - Level 1.0 Air Magic
 - Level 1.0 Poison Magic
 - Level 1.0 Evocations


You had 18 spell levels left.
You knew the following spells:

 Your Spells              Type           Power      Damage    Failure   Level
a - Magic Dart            Conj           100%       1d8       1%          1
b - Mephitic Cloud        Conj/Pois/Air  24%        N/A       8%          3
c - Call Imp              Summ           17%        N/A       8%          2
d - Blink                 Tloc           N/A        N/A       8%          2
e - Conjure Flame         Conj/Fire      37%        6-21      2%          3

Your spell library contained the following spells:

 Spells                   Type           Power      Damage    Failure   Level
 Freeze                   Ice            48%        1d7       8%          1
 Slow                     Hex            12%        N/A       12%         2
 Frozen Ramparts          Ice            24%        1d4       22%         3
 Hailstorm                Conj/Ice       26%        3d7       22%         4
 Summon Lightning Spire   Summ/Air       17%        N/A       43%         4
 Storm Form               Tmut/Air       7%         N/A       100%        7
 Maxwell's Capacitive Co  Air            8%         ∞         100%        8


Dungeon Overview and Level Annotations

Branches:
Dungeon (7/15)             Temple (1/1) D:7         Ossuary (visited)

Altars:
Ashenzari
Cheibriados
Dithmenos
Elyvilon
Gozag
Kikubaaqudgha
Nemelex Xobeh
Okawaru
Qazlal
Trog
Vehumet
Wu Jian
Xom
Zin
Beogh

Portals:
Bailey: D:7

Annotations:
D:7 Joseph


Message History

You hear the faint creaking of a very distant portcullis.
There is a staircase to the Ecumenical Temple here.
Found a sedimented ruby potion.
An orc comes into view. It is wielding a +0 dagger.
Found an escape hatch in the floor.
Found a stone staircase leading down.
A hound and a skeleton come into view.
You hear the faint creaking of a portcullis very nearby.
A wyvern skeleton comes into view.
An orc comes into view. It is wielding a +0 club.
Found 11 gold pieces.
The orc shouts!
An orc comes into view. It is wielding a +0 club. x2
The orc shouts!
An orc comes into view. It is wielding a +0 trident.
The wyvern skeleton bites you!
The orc shouts!
Found a blue potion.
You see here 11 gold pieces.
You enter the shallow water.
Moving in this stuff is going to be slow.
Joseph, a Mercenary comes into view.
He is wielding a +0 quarterstaff and carrying a wand of iceblast (10).
Joseph shouts!
Joseph unwields a +0 quarterstaff.
Joseph wields a +0 hunting sling.
Joseph shoots a sling bullet.
The sling bullet barely misses you.
Joseph shoots a sling bullet.
The sling bullet barely misses you.
The orc throws a boomerang.
The boomerang barely misses you.
Joseph zaps a wand.
The mass of ice explodes!
The iceblast engulfs you!!
You hear a shout! x4
Found a trident.
The orc throws a boomerang.
The boomerang hits you but does no damage.
An orc opens the gate.
The orc hits you from afar with a spear.
The hobgoblin hits you from afar with a spear. x2
The hobgoblin closely misses you.
The hobgoblin hits you but does no damage.
The hobgoblin barely misses you.
The orc hits you from afar with a spear.
The orc barely misses you. The hobgoblin misses you.
Joseph shoots a sling bullet.
The sling bullet hits you!!
You die...

.....##..........##...,,,,* *****
####.#..............#,,,,,***,,,*
#**#.........o...###,,,#,,,,,,,,*
##.............o...#,*.#****,,,,*
.#.#.#.....≈≈≈≈Zo≈.#,..).,,,*,,,*
.....#..#..≈####o≈.#.#...,,,*****
.###.......≈#∩o#Z≈o.......,,*
..,....>...≈#.g'≈o..##....,,*
***........≈#.g'@≈......≈≈≈≈*
*,,......≈#.g'≈≈.###..≈,≈,*
*,,,....,≈#>o#≈≈.# *,.≈_,≈*
*,,,,,,,,≈####≈≈.# *,≈≈,,≈*
*,,,,,,,,≈≈≈≈@≈≈.#**,≈,,,≈*
*,,,,,,,,,,,,.....,,,,,,***
*,,,,,,,,,**......#******
*,,,,,,,,,**####### *,,,,,,,,,*


You could see Joseph, 7 orcs, 3 hobgoblins, a wyvern skeleton and a centaur
skeleton.

Vanquished Creatures
  Pikel (D:5)
  A hornet zombie (D:5)
  An ice beast (D:6)
  2 ogres
  The ghost of Thraspic the Twirler, an amateur FoFi (D:3)
  A kobold brigand (D:6)
  A bullfrog (D:6)
  2 elf zombies (Ossuary)
  2 water moccasin skeletons
  10 wights (D:6)
  3 human zombies (Ossuary)
  A centaur zombie (Ossuary)
  2 orc priests (D:4)
  A jelly (D:4)
  2 iguanas (D:5)
  Crazy Yiuf (D:3)
  Ijyb (D:2)
  3 orc wizards
  2 mummies (Ossuary)
  8 adders
  A white imp (D:6)
  2 adder zombies (Ossuary)
  2 worms (D:2)
  A dart slug (D:3)
  16 orcs
  8 ball pythons
  5 bats
  7 endoplasms
  4 giant cockroaches
  9 hobgoblins
  5 jackals
  18 kobolds
  7 quokkas
  6 frilled lizards
  7 goblins
  A goblin zombie (Ossuary)
  10 hobgoblin zombies (Ossuary)
  3 jackal zombies (Ossuary)
  4 kobold zombies (Ossuary)
  10 orc zombies (Ossuary)
  7 rats
  A rat zombie (Ossuary)
180 creatures vanquished.

Vanquished Creatures (collateral kills)
  2 orcs (D:3)
2 creatures vanquished.

Vanquished Creatures (others)
  An orc wizard (D:6)
1 creature vanquished.

Grand Total: 183 creatures vanquished

Notes
Turn   | Place    | Note
-------+----------+-------------------------------------------
     0 | D:1      | pokeman the Deep Elf Hedge Wizard began the quest for the
                  | Orb.
     0 | D:1      | Reached XP level 1. HP: 10/10 MP: 7/7
   210 | D:1      | Reached XP level 2. HP: 6/16 MP: 0/9
   959 | D:1      | Found a faded altar of an unknown god.
  1036 | D:1      | Reached skill level 5 in Spellcasting
  1334 | D:2      | Reached XP level 3. HP: 20/20 MP: 9/11
  1338 | D:2      | Learned a level 3 spell: Mephitic Cloud
  1341 | D:2      | Learned a level 2 spell: Call Imp
  1344 | D:2      | Learned a level 2 spell: Blink
  1348 | D:2      | Learned a level 3 spell: Conjure Flame
  1826 | D:2      | Reached skill level 1 in Fighting
  1826 | D:2      | Reached skill level 1 in Armour
  1960 | D:2      | Reached XP level 4. HP: 25/25 MP: 5/13
  2689 | D:3      | Noticed Ijyb
  2733 | D:2      | Killed Ijyb
  2734 | D:2      | Reached skill level 1 in Fire Magic
  2783 | D:3      | Reached skill level 6 in Spellcasting
  2783 | D:3      | Reached XP level 5. HP: 15/29 MP: 12/15
  3025 | D:3      | Found a runed translucent gate.
  3042 | D:3      | Found a runed translucent gate.
  3043 | D:3      | Found a runed translucent gate.
  3044 | D:3      | Identified the +1 ring mail of the Great Game {rElec rCorr}
  3045 | D:3      | Noticed Thraspic's ghost (amateur FoFi)
  3547 | D:3      | Found a runed translucent door.
  3548 | D:3      | Noticed Crazy Yiuf
  3556 | D:3      | Paralysed by you for 7 turns
  3563 | D:3      | Killed Crazy Yiuf
  3564 | D:3      | Reached skill level 1 in Air Magic
  4029 | D:3      | Found a sparkling altar of Nemelex Xobeh.
  4170 | D:3      | Killed Thraspic's ghost
  4171 | D:3      | Reached XP level 6. HP: 14/34 MP: 10/17
  4420 | D:4      | Reached skill level 1 in Poison Magic
  4686 | D:4      | Reached skill level 7 in Spellcasting
  4938 | D:4      | Reached skill level 1 in Evocations
  5416 | D:5      | Entered Level 5 of the Dungeon
  5469 | D:5      | Noticed Pikel
  5481 | D:5      | Killed Pikel
  5482 | D:5      | Reached skill level 8 in Spellcasting
  5482 | D:5      | Reached XP level 7. HP: 38/38 MP: 14/21
  5823 | D:5      | Reached skill level 9 in Spellcasting
  5823 | D:5      | Reached XP level 8. HP: 30/43 MP: 23/23
  6113 | D:5      | Found a stormy altar of Qazlal.
  6116 | D:5      | Found a shadowy altar of Dithmenos.
  6125 | D:5      | Found a white marble altar of Elyvilon.
  6390 | D:6      | Found a sand-covered staircase.
  6399 | Ossuary  | Entered an ossuary
  6850 | Ossuary  | Reached skill level 5 in Conjurations
  7173 | D:6      | Identified the ring of Democracy {rPois Will+}
  7225 | D:6      | Reached skill level 10 in Spellcasting
  7229 | D:6      | Found a bloodstained altar of Trog.
  7911 | D:6      | Reached XP level 9. HP: 49/49 MP: 17/25
  8250 | D:7      | Found a staircase to the Ecumenical Temple.
  8259 | Temple   | Entered the Ecumenical Temple
  8310 | Temple   | Became a worshipper of Vehumet
  8389 | D:7      | Noticed Joseph
  8391 | D:7      | Found a flagged portal.
  8391 | D:7      | Shot with a sling bullet by Joseph

Illustrated notes

Levels and vault maps discovered:
D:1:      pf_arrival_petrified_forest, layout_basic,
          ebering_ecumenical_altar_petrified
D:2:      wad_river_or_something, layout_basic, minmay_hexomino_u4
D:3:      layout_loops_cross, nemelex_diamond_rough_becter,
          biasface_ghost_orc_armoury, uniq_ijyb, uniq_crazy_yiuf_cottage
D:4:      layout_basic
D:5:      layout_basic, grunt_temple_overflow_diamond, uniq_pikel
D:6:      layout_gridville, mainiacjoe_overflow_alcove_1,
          nicolae_ossuary_entry_plus, minmay_parallelograms
D:7:      minmay_spotlight, layout_rooms, fedhas_altar_2,
          lemuel_temple_firewalk_b, enter_bailey_4, uniq_joseph
Temple:   compressed_dpeg_triangle_lava_temple

Skill      XL: |  1  2  3  4  5  6  7  8 |
---------------+-------------------------+-----
Spellcasting   | 5 6 8 9 10 | 10.8
Fighting       | 1 2 |  2.5
Armour         | 1 2 |  2.0
Conjurations   | 2 3 4 5 |  5.9
Fire Magic     | 1 2 3 4 |  4.8
Dodging        | 3 |  3.1
Air Magic      | 1 |  1.0
Stealth        | 3 |  3.1
Poison Magic   | 1 |  1.0
Evocations     | 1 |  1.0
Shields        | 2 |  2.0
Summonings     | |  1.1
Translocations | |  1.1

Action                   |  1- 3 |  4- 6 |  7- 9 || total
-------------------------+-------+-------+-------++-------
Melee: Dagger            |     8 |       |    75 ||    83
       Spear             |    19 |     7 |       ||    26
       Quarterstaff      |       |    12 |       ||    12
 Fire: Hand crossbow     |       |       |    16 ||    16
 Cast: Magic Dart        |   112 |   168 |   157 ||   437
       Conjure Flame     |       |     7 |    22 ||    29
       Mephitic Cloud    |       |     5 |     4 ||     9
       Call Imp          |       |    10 |       ||    10
  Use: Scroll            |       |       |     1 ||     1
 Stab: Confused          |       |       |     3 ||     3
Armor: Robe              |     5 |       |       ||     5
       Leather armour    |     8 |     7 |    31 ||    46
Dodge: Dodged            |    19 |    29 |    60 ||   108

Table legend: (Time is in decaauts)
 A = Elapsed time spent in this place.
 B = Non-inter-level travel time spent in this place.
 C = Inter-level travel time spent in this place.
 D = Time resting spent in this place.
 E = Time spent auto-exploring this place.
 F = Levels seen in this place.
 G = Mean time per level.
                   A        B        C        D        E       F      G
               +--------+--------+--------+--------+--------+-----+--------+
         Total |   8408 |   8218 |    190 |    361 |   6129 |   9 |  934.2 |
       Dungeon |   7803 |   7613 |    190 |    361 |   5852 |   7 | 1114.7 |
        Temple |     66 |     66 |      0 |      0 |      0 |   1 |   66.0 |
       Ossuary |    538 |    538 |      0 |      0 |    277 |   1 |  538.0 |
               +--------+--------+--------+--------+--------+-----+--------+

Top non-repeatable levels by time:
     D:3: 1896 daAuts
     D:2: 1489 daAuts
     D:6: 1381 daAuts
     D:1: 1258 daAuts
     D:5: 885 daAuts
     D:4: 782 daAuts
 Ossuary: 538 daAuts
     D:7: 109 daAuts
  Temple: 66 daAuts
